 Dungeon Crawl Stone Soup version 0.20.1-1-g8b1a95d (webtiles) character file.

73073 tidbits the Martial Artist (level 14, -10/124 HPs)
             Began as a Demigod Transmuter on Aug 23, 2017.
             Shot with an arrow by a deep elf archer (14 damage)
             ... on level 2 of the Elven Halls on Aug 24, 2017.
             The game lasted 03:04:54 (11553 turns).

tidbits the Martial Artist (Demigod Transmuter)    Turns: 11553, Time: 03:04:55

Health: -10/124    AC: 22    Str: 13    XL:     14   Next: 60%
Magic:  13/30      EV: 20    Int: 25    God:
Gold:   1591       SH:  0    Dex: 18    Spells: 11/28 levels left

rFire    . . .     SeeInvis +     - Unarmed
rCold    . . .     Gourm    .   (shield currently unavailable)
rNeg     . . .     Faith    .   B - +1 troll leather armour
rPois    .         Spirit   .   E - +2 hat {MR+}
rElec    .         Reflect  .   C - +2 cloak {MR+}
rCorr    .         Harm     .   (gloves currently unavailable)
MR       +++..                  F - +0 pair of boots
Stlth    +.........             (no amulet)
Regen    0.7/turn               I - ring of see invisible
MPRegen  0.3/turn               U - +5 ring of protection

@: icy armour, blade hands (expiring), very slightly contaminated, slow
A: horns 1, blink, clever 1, high mp 1, sense surroundings 1
a: End Transformation, Blink


You were on level 2 of the Elven Halls.
You were not hungry.
You had blades for hands.
You visited 4 branches of the dungeon, and saw 22 of its levels.
You also visited: Ossuary and Ice Cave.

You collected 2143 gold pieces.
You spent 552 gold pieces at shops.

Inventory:

Hand Weapons
 a - a +2 dagger of venom
   (You took it off an orc wizard on level 3 of the Dungeon)
 J - the +4 fustibalus of Trog's Regard {freeze, rElec}
   (You found it in an ice cave)

   It causes projectiles fired from it to freeze those they strike, causing
   extra injury to most foes and up to half again as much damage against
   particularly susceptible opponents.
   They can also slow down cold-blooded creatures.
   It insulates you from electricity.
 Q - the +6 Majin-Bo (melded) {vamp, Archmagi MP+6 Int+6}
   (You found it on level 6 of the Lair of Beasts)

   It inflicts no extra harm, but heals its wielder when it wounds a living foe.
   It affects your intelligence (+6).
   It affects your magic capacity (+6).
Missiles
 o - 26 sling bullets
 q - 165 arrows
 A - 2 throwing nets (quivered) {!f}
 N - 5 javelins
Armour
 B - a +1 troll leather armour (worn)
 C - a +2 cloak of magic resistance (worn)
   (You took it off Crazy Yiuf on level 7 of the Dungeon)
 E - a +2 hat of magic resistance (worn)
   (You took it off Gastronok on level 1 of the Lair of Beasts)
 F - a +0 pair of boots (worn)
 G - the +0 pair of gloves of Fikhlefu (melded) {rF+}
   (You found it on level 8 of the Dungeon)

   It protects you from fire.
Jewellery
 x - an uncursed ring of ice
   (You took it off Fannar on level 1 of the Orcish Mines)
 I - a ring of see invisible (left scythe-like blade)
   (You found it on level 1 of the Elven Halls)
 L - an uncursed ring of flight
   (You found it on level 3 of the Lair of Beasts)
 P - an uncursed ring of poison resistance
   (You found it on level 3 of the Lair of Beasts)
 U - a +5 ring of protection (right scythe-like blade)
   (You found it on level 1 of the Dungeon)
Wands
 b - a wand of confusion (26/48)
 d - a wand of digging (9/24)
 e - a wand of flame (12/48)
 h - a wand of paralysis (12/24)
 p - a wand of paralysis (6/24)
 D - a wand of iceblast (6/15)
 H - a wand of acid (4/15)
 O - a wand of disintegration (8/24)
Scrolls
 j - 2 scrolls of immolation
 l - 2 scrolls of silence
 r - 11 scrolls of remove curse
 s - 5 scrolls of teleportation
 u - a scroll of fog
 w - 4 scrolls of recharging
 R - 2 scrolls of magic mapping
 S - a scroll of summoning
 V - 2 scrolls of fear
 Y - a scroll of vulnerability
Potions
 g - a potion of resistance
 i - a potion of haste
 k - 3 potions of cancellation
 n - 6 potions of curing
 t - 8 potions of flight
 v - 3 potions of magic
 y - 2 potions of lignification
 M - a potion of berserk rage
 Z - 4 potions of brilliance
Books
 c - a book of Changes

   Spells                             Type                      Level
   a - Beastly Appendage              Transmutation                1
   b - Sticks to Snakes               Transmutation                2
   c - Spider Form                    Transmutation/Poison         3
   d - Ice Form                       Ice/Transmutation            4
   e - Blade Hands                    Transmutation                5
 f - a book of Conjurations
   (You found it on level 2 of the Lair of Beasts)

   Spells                             Type                      Level
   a - Magic Dart                     Conjuration                  1
   b - Searing Ray                    Conjuration                  2
   c - Dazzling Spray                 Conjuration/Hexes            3
   d - Fulminant Prism                Conjuration/Hexes            4
   e - Force Lance                    Conjuration/Translocation    4
   f - Iskenderun's Mystic Blast      Conjuration                  4
 z - a book of Clouds
   (You found it on level 4 of the Lair of Beasts)

   Spells                             Type                      Level
   a - Poisonous Vapours              Poison/Air                   2
   b - Mephitic Cloud                 Conjuration/Poison/Air       3
   c - Conjure Flame                  Conjuration/Fire             3
   d - Freezing Cloud                 Conjuration/Ice/Air          6
   e - Ring of Flames                 Charms/Fire                  7
 T - the Compendium of Summoning
   (You found it on level 1 of the Elven Halls)

   Spells                             Type                      Level
   a - Summon Small Mammal            Summoning                    1
   b - Summon Mana Viper              Hexes/Summoning              5
   c - Aura of Abjuration             Summoning                    5
   d - Summon Demon                   Summoning                    5
Miscellaneous
 K - a lightning rod (4/4)
Comestibles
 m - 3 chunks of flesh
 X - 16 bread rations


   Skills:
 - Level 11.1 Fighting
 - Level 10.7 Dodging
 - Level 12.1 Unarmed Combat
 + Level 7.9 Spellcasting
 - Level 2.9 Charms
 + Level 6.5 Summonings
 - Level 3.5 Necromancy
 - Level 4.0 Translocations
 - Level 9.1 Transmutations
 - Level 3.1 Ice Magic
 - Level 3.1 Evocations


You had 11 spell levels left.
You knew the following spells:

 Your Spells              Type           Power        Failure   Level  Hunger
a - Apportation           Tloc           ####..       17%         1    None
h - Blade Hands           Tmut           ######....   32%         5    #####..
k - Sticks to Snakes      Tmut           ######..     10%         2    None
n - Animate Skeleton      Necr           N/A          21%         1    None
o - Ozocubu's Armour      Chrm/Ice       ###.....     38%         3    None
A - Aura of Abjuration    Summ           #####.....   54%         5    #####..


Dungeon Overview and Level Annotations

Branches:
Dungeon (12/15)            Temple (0/1) D:6            Lair (6/6) D:9
 Shoals (0/4) Lair:2        Snake (0/4) Lair:4          Orc (2/2) D:10
    Elf (2/3) Orc:2
  Slime: Lair:5-6

Shops:
D:4 (   D:6 }   Orc:2 [(*%

Annotations:
Lair:1 exclusion: oklob plant
Lair:5 exclusion: fire crab


Innate Abilities, Weirdness & Mutations

You have an increased reservoir of magic. (+10% MP)
You have a pair of small horns on your head.
You can translocate small distances at will.
Your mind is acute. (Int +2)
You passively map a small area around you.


Message History

Confirm with . or Enter, or press ? or * to list all spells.
You miscast Animate Skeleton.
You feel very uncomfortable.
Casting: Animate Skeleton
Confirm with . or Enter, or press ? or * to list all spells.
You attempt to give life to the dead...
Before your eyes, flesh is ripped from the corpse!
The dead are walking!
You see here a chunk of flesh.
Your adder withers and dies!
Items here: ( )) [ † an uncursed rapier; an uncursed shortbow; 18 arrows; a leather armour an elf corpse
Things that are here:
a long sword; 17 gold pieces You now have 1549 gold pieces (gained 17).
Items here: ( )) [ † an uncursed rapier; an uncursed shortbow; 18 arrows; a leather armour an elf corpse
q - 170 arrows (gained 18)
Things that are here:
a long sword; an elf corpse
Casting: Animate Skeleton
Confirm with . or Enter, or press ? or * to list all spells.
You attempt to give life to the dead...
Before your eyes, flesh is ripped from the corpse!
The dead are walking!
You see here a chunk of flesh.
You see here an arrow.
Found a shortbow.
Your transformation is almost over.
Search for what [? for help]? .
Found 21 gold pieces.
There is an open door here.
You see here 21 gold pieces.
You now have 1570 gold pieces (gained 21).
Your hands revert to their normal proportions.
The +6 Majin-Bo {vamp, Archmagi MP+6 Int+6} unmelds from your body.
The +0 pair of gloves of Fikhlefu {rF+} unmelds from your body.
You feel a darkness envelop your magic.
You open the door.
A water elemental comes into view.
Found 21 gold pieces.
Found a stone staircase leading down.
There is an open door here.
Casting: Animate Skeleton
Confirm with . or Enter, or press ? or * to list all spells.
You feel a surge of power!
Your hands turn into razor-sharp scythe blades.
The +6 Majin-Bo {vamp, Archmagi MP+6 Int+6} melds into your body.
The +0 pair of gloves of Fikhlefu {rF+} melds into your body.
The darkness slowly releases its grasp on your magic.
The water elemental hits you!
* * * LOW HITPOINT WARNING * * *
You shred the water elemental!!! You headbutt the water elemental.
The water elemental is almost destroyed.
The water elemental misses you.
You slash the water elemental!
You destroy the water elemental!
You see here 21 gold pieces.
You now have 1591 gold pieces (gained 21).
Your magical contamination has completely faded away.
Found a scale mail.
A deep elf mage and a deep elf archer come into view.
The deep elf archer unwields an uncursed dagger.
The deep elf archer wields an uncursed glowing longbow.
It is covered in frost.
The deep elf archer shoots an arrow.
The arrow hits you!
* * * LOW HITPOINT WARNING * * *
The arrow freezes you.
* * * LOW HITPOINT WARNING * * *
There is a stone staircase leading down here.
Casting: Blade Hands
Confirm with . or Enter, or press ? or * to list all spells.
You create 3 snakes!
You now have 167 arrows.
Casting: Sticks to Snakes
Confirm with . or Enter, or press ? or * to list all spells.
You create 2 snakes!
You now have 165 arrows.
Your transformation is almost over.
There is an open door here.
You swap places.
The deep elf archer shoots an arrow.
The arrow completely misses your adder. The arrow hits you!!
* * * LOW HITPOINT WARNING * * *
The arrow freezes you.
* * * LOW HITPOINT WARNING * * *
You see here an arrow.
Casting: Sticks to Snakes
Confirm with . or Enter, or press ? or * to list all spells.
You miscast Ozocubu's Armour.
You are very lightly contaminated with residual magic.
Wisps of condensation drift from your scythe-like blades.
The deep elf archer shoots an arrow.
The arrow misses your adder. The arrow hits you!!
* * * LOW HITPOINT WARNING * * *
The arrow freezes you!
* * * LOW HITPOINT WARNING * * *
Casting: Ozocubu's Armour
Confirm with . or Enter, or press ? or * to list all spells.
A film of ice covers your body!
The deep elf archer shoots an arrow.
The arrow closely misses your adder. The arrow hits you!
You die...

#########.#####.....#
...).(Z.).# ####'##
########### #.# #
##.# , # #..# * #
#.## # #.# * # ##S##
# ##@SS## #
*########SZZ..## #
e......#.S....# ####
..............# ...+
.[....e......## * ,
#### e......#....##
,......###..## ,
.....#* #### ,
*#####*


You could see a deep elf archer, 5 friendly adders and 2 friendly deep elf mage
skeletons.

Vanquished Creatures
  Gastronok (Lair:1)
  Kirke (Lair:5)
  A deep elf demonologist (Elf:1)
  A deep elf annihilator (Elf:2)
  Fannar (Orc:1)
  A fire dragon (Lair:6)
  Josephine (Orc:1)
  2 hydras (Lair:6)
  Erica (D:8)
  A catoblepas (Lair:3)
  A two-headed ogre (D:9)
  7 dancing weapons
  4 death yaks
  3 orc high priests (Orc:2)
  3 deep elf knights
  An unseen horror (D:12)
  4 lindwurms (Lair:6)
  5 deep elf archers
  5 orc knights
  A necromancer (IceCv)
  4 orc sorcerers
  21 deep elf magi
  An oklob plant (Lair:1)
  8 elephants (Lair:4)
  3 ice statues (IceCv)
  3 black mambas
  3 centaur skeletons
  7 spiny frogs
  4 rime drakes
  4 komodo dragons
  8 ice devils (IceCv)
  4 trolls
  2 red devils (D:12)
  11 blink frogs
  A dream sheep (Lair:6)
  Grinder (D:5)
  6 hippogriffs
  A water elemental (Elf:2)
  4 wraiths (Orc:1)
  24 yaks
  6 basilisks
  4 hogs (Lair:5)
  4 wyverns
  2 vampire mosquitoes (D:12)
  2 steam dragons (Lair:6)
  Edmund (D:5)
  3 nagas (Lair:4)
  A warg (Orc:2)
  A porcupine (Lair:4)
  Duvessa (D:6)
  3 water moccasins
  2 swamp drakes (Lair:6)
  2 sky beasts (D:10)
  24 orc warriors
  2 black bears
  2 necrophages
  2 phantoms
  4 ice beasts
  3 wolves (Lair:2)
  4 centaurs
  7 ogres
  10 crocodiles
  2 big kobolds
  A wyvern zombie (D:8)
  6 bullfrogs
  Dowan (D:6)
  A wyvern skeleton (D:7)
  6 scorpions
  15 wights
  13 killer bees
  A howler monkey (D:6)
  4 electric eels (Lair:2)
  6 crimson imps
  5 hounds
  2 centaur zombies
  2 jellies (D:6)
  A quasit (D:10)
  Crazy Yiuf (D:7)
  3 bullfrog skeletons
  A bullfrog zombie (D:11)
  14 orc priests
  3 iguanas
  9 worker ants
  15 orc wizards
  A killer bee zombie (D:10)
  A hound zombie (D:10)
  7 mummies
  2 worker ant zombies (D:8)
  A howler monkey skeleton (D:6)
  16 adders
  2 shadow imps
  10 white imps (D:12)
  An ooze (D:2)
  2 worms
  3 leopard geckos
  46 orcs
  4 giant cockroaches
  6 goblins
  3 hobgoblins
  9 jackals
  9 kobolds
  6 quokkas
  2 ball pythons
  5 bats
  3 frilled lizards
  A gnoll zombie (Ossuary)
  2 kobold zombies (Ossuary)
  3 orc zombies (Ossuary)
  A quokka skeleton (D:9)
  3 rats
  13 plants (Lair:5)
529 creatures vanquished.

Vanquished Creatures (collateral kills)
  A swamp dragon (Lair:6)
  A deep elf mage (Elf:1)
  Psyche (D:11)
  A gargoyle (D:10)
  3 spiny frogs
  A red devil (D:12)
  3 dream sheep (Lair:6)
  2 hippogriffs
  A yak (D:12)
  4 water moccasins
  2 orc warriors
  2 ogres
  A crocodile (D:9)
  A bullfrog (D:10)
  A killer bee (D:9)
  A centaur zombie (D:8)
  A quasit (D:7)
  A jelly (D:9)
  An orc priest (Orc:1)
  An orc wizard (Orc:2)
  A big kobold zombie (Ossuary)
  2 mummies (Ossuary)
  A worker ant zombie (D:7)
  2 white imps (D:12)
  2 worms (D:2)
  8 orcs
  2 hobgoblins
  A jackal (D:8)
  2 kobolds (D:2)
  A kobold zombie (Ossuary)
  A fungus (Lair:3)
  6 plants
59 creatures vanquished.

Vanquished Creatures (others)
  A human (Lair:5)
  An orc priest (Orc:2)
  An orc (D:11)
  A kobold (D:11)
  2 plants
6 creatures vanquished.

Grand Total: 594 creatures vanquished

Notes
Turn   | Place    | Note
-------+----------+-------------------------------------------
     0 | D:1      | tidbits the Demigod Transmuter began the quest for the Orb.
     0 | D:1      | Reached XP level 1. HP: 15/15 MP: 5/5
   141 | D:1      | Reached skill level 2 in Spellcasting
   141 | D:1      | Reached skill level 2 in Transmutations
   190 | D:2      | Reached XP level 2. HP: 18/22 MP: 4/7
   194 | D:2      | Learned a level 2 spell: Sticks to Snakes
   300 | D:2      | Reached skill level 3 in Transmutations
   440 | D:1      | Reached XP level 3. HP: 9/27 MP: 5/8
   501 | D:1      | Learned a level 3 spell: Spider Form
   724 | D:2      | Reached skill level 3 in Unarmed Combat
   913 | D:3      | Found a white marble altar of Elyvilon.
   948 | D:3      | Found a sparkling altar of Nemelex Xobeh.
   992 | D:3      | Reached XP level 4. HP: 32/34 MP: 4/9
  1090 | D:3      | Reached skill level 4 in Unarmed Combat
  1307 | D:4      | Reached XP level 5. HP: 36/39 MP: 0/10
  1411 | D:4      | Found Lideatamp's Weapon Emporium.
  1419 | D:4      | Reached skill level 5 in Unarmed Combat
  1479 | D:5      | Entered Level 5 of the Dungeon
  1499 | D:5      | Noticed a phantom
  1540 | D:5      | Killed a phantom
  1540 | D:5      | Reached XP level 6. HP: 40/46 MP: 1/11
  1570 | D:6      | Reached skill level 6 in Unarmed Combat
  1616 | D:6      | Found a bloodstained altar of Trog.
  1616 | D:6      | Noticed Duvessa
  1616 | D:6      | Noticed Dowan
  1682 | D:5      | Noticed Grinder
  1682 | D:5      | Paralysed by Grinder for 5 turns
  1711 | D:5      | Killed Grinder
  1711 | D:5      | Reached skill level 7 in Unarmed Combat
  1711 | D:5      | Reached XP level 7. HP: 44/51 MP: 7/13
  1872 | D:5      | Noticed Edmund
  1882 | D:5      | Killed Edmund
  1882 | D:5      | Reached skill level 8 in Unarmed Combat
  1993 | D:4      | Reached skill level 9 in Unarmed Combat
  1993 | D:4      | Reached XP level 8. HP: 47/58 MP: 5/14
  2098 | D:5      | HP: 5/58 [ogre/giant club (21)]
  2155 | D:6      | Found a staircase to the Ecumenical Temple.
  2186 | D:6      | Reached skill level 1 in Fighting
  2269 | D:7      | Reached skill level 2 in Dodging
  2344 | D:6      | Found Kuqypt's Gadget Emporium.
  2388 | D:6      | Reached skill level 2 in Fighting
  2509 | D:7      | Reached skill level 4 in Transmutations
  2595 | D:7      | Found a sand-covered staircase.
  2605 | D:7      | Reached skill level 3 in Dodging
  2616 | Ossuary  | Entered an ossuary
  2926 | D:7      | Reached skill level 3 in Fighting
  2983 | D:7      | Found a runed door.
  2989 | D:7      | Noticed Crazy Yiuf
  2996 | D:7      | Killed Crazy Yiuf
  3165 | D:7      | Reached skill level 5 in Transmutations
  3165 | D:7      | Reached XP level 9. HP: 22/70 MP: 4/15
  3173 | D:7      | Reached skill level 4 in Dodging
  3225 | D:7      | Learned a level 5 spell: Blade Hands
  3248 | D:8      | Noticed Erica
  3359 | D:6      | Reached skill level 6 in Transmutations
  3416 | D:6      | Killed Duvessa
  3428 | D:6      | Killed Dowan
  3576 | D:8      | Got a pair of crude gloves
  3587 | D:8      | Identified the +0 pair of gloves of Fikhlefu {rF+} (You found it on level 8 of the Dungeon)
  3605 | D:8      | Killed Erica
  3605 | D:8      | Reached skill level 3 in Spellcasting
  3605 | D:8      | Reached skill level 7 in Transmutations
  3679 | D:8      | Reached skill level 4 in Spellcasting
  3771 | D:9      | Reached skill level 4 in Fighting
  3823 | D:9      | Noticed a two-headed ogre
  3837 | D:9      | Killed a two-headed ogre
  3837 | D:9      | Reached skill level 8 in Transmutations
  3837 | D:9      | Reached XP level 10. HP: 78/80 MP: 7/19
  3849 | D:9      | Found a staircase to the Lair.
  3863 | D:9      | Reached skill level 5 in Fighting
  3925 | D:9      | Found a snail-covered altar of Cheibriados.
  4019 | D:10     | Entered Level 10 of the Dungeon
  4145 | D:11     | Noticed Psyche
  4169 | D:11     | Killed Psyche
  4169 | D:11     | Reached skill level 6 in Fighting
  4169 | D:11     | Reached skill level 9 in Transmutations
  4181 | D:11     | Learned a level 3 spell: Ozocubu's Armour
  4203 | D:11     | Reached skill level 1 in Ice Magic
  4206 | D:11     | Reached skill level 1 in Charms
  4252 | D:10     | Found a staircase to the Orcish Mines.
  4264 | D:10     | Learned a level 1 spell: Animate Skeleton
  4266 | D:10     | Learned a level 1 spell: Apportation
  4304 | Orc:1    | Entered Level 1 of the Orcish Mines
  4311 | Orc:1    | Noticed Fannar
  4313 | Orc:1    | Noticed Josephine
  4319 | Orc:1    | Reached skill level 2 in Ice Magic
  4367 | D:10     | Reached skill level 2 in Charms
  4367 | D:10     | Reached skill level 1 in Translocations
  4494 | D:9      | Reached skill level 2 in Translocations
  4500 | D:9      | Reached skill level 3 in Ice Magic
  4822 | Orc:1    | Killed Josephine
  4822 | Orc:1    | Reached XP level 11. HP: 49/91 MP: 11/20
  4829 | Orc:1    | Killed Fannar
  4848 | Orc:1    | HP: 9/91 [wraith[Josephine] (7)]
  4848 | Orc:1    | HP: 4/91 [wraith[Josephine] (5)]
  4850 | Orc:1    | Reached skill level 5 in Dodging
  4952 | D:10     | Reached skill level 10 in Unarmed Combat
  5157 | D:11     | Gained mutation: You can translocate small distances at will. [potion of mutation]
  5157 | D:11     | Gained mutation: You passively map a small area around you. [potion of mutation]
  5157 | D:11     | Gained mutation: You have a pair of small horns on your head. [potion of mutation]
  5157 | D:11     | Gained mutation: Your mind is acute. (Int +2) [potion of mutation]
  5186 | D:12     | Reached skill level 7 in Fighting
  5252 | D:12     | Found a frozen archway.
  5290 | IceCv    | Entered an ice cave
  5326 | IceCv    | Reached skill level 5 in Spellcasting
  5472 | IceCv    | Noticed a necromancer
  5480 | IceCv    | Killed a necromancer
  5480 | IceCv    | Reached skill level 6 in Spellcasting
  5488 | IceCv    | Got a pitted fustibalus
  6095 | D:12     | Reached skill level 1 in Necromancy
  6130 | D:12     | Reached skill level 2 in Necromancy
  6410 | D:12     | Reached XP level 12. HP: 55/100 MP: 4/26
  6438 | D:12     | Reached skill level 6 in Dodging
  6450 | D:12     | Noticed a six-headed hydra
  6571 | Orc:2    | Entered Level 2 of the Orcish Mines
  6738 | Lair:1   | Entered Level 1 of the Lair of Beasts
  6748 | Lair:1   | Reached skill level 11 in Unarmed Combat
  6750 | Lair:1   | Noticed Gastronok
  6759 | Lair:1   | Killed Gastronok
  6830 | Lair:1   | Reached skill level 8 in Fighting
  6958 | Lair:1   | Identified the +4 fustibalus of Trog's Regard {freeze, rElec} (You found it in an ice cave)
  6997 | Lair:1   | Reached skill level 7 in Dodging
  7158 | Lair:2   | Found a staircase to the Shoals.
  7235 | Lair:2   | Reached skill level 3 in Necromancy
  7311 | Lair:2   | HP: 7/103 [electric eel/bolt of electricity (5)]
  7664 | Lair:3   | Noticed a catoblepas
  7677 | Lair:3   | Killed a catoblepas
  7677 | Lair:3   | Reached skill level 8 in Dodging
  7847 | Lair:4   | You fall through a shaft!
  7883 | Lair:5   | Noticed Kirke
  7899 | Lair:5   | Killed Kirke
  8147 | Lair:5   | Reached skill level 3 in Translocations
  8230 | Lair:5   | Reached XP level 13. HP: 107/108 MP: 18/27
  8234 | Lair:5   | Reached skill level 4 in Translocations
  8268 | Lair:4   | Found a staircase to the Snake Pit.
  8411 | Lair:6   | Entered Level 6 of the Lair of Beasts
  8464 | Lair:6   | Reached skill level 9 in Fighting
  8578 | Lair:4   | Reached skill level 12 in Unarmed Combat
  8852 | Lair:6   | Reached skill level 1 in Evocations
  8862 | Lair:6   | Reached skill level 2 in Evocations
  8969 | Lair:6   | Identified the +4 dagger of Bodily Humours {pierce, +Blink MR+ Int-3} (You found it on level 6 of the Lair of Beasts)
  8999 | Lair:6   | Reached skill level 3 in Evocations
  9031 | Lair:6   | Reached skill level 9 in Dodging
  9322 | Lair:6   | Reached skill level 10 in Dodging
  9781 | Orc:2    | Found a staircase to the Elven Halls.
 10176 | Orc:2    | Reached skill level 7 in Spellcasting
 10329 | Orc:2    | Reached skill level 10 in Fighting
 10389 | Orc:2    | Reached XP level 14. HP: 74/121 MP: 24/29
 10423 | Orc:2    | Found Badi's Food Boutique.
 10423 | Orc:2    | Found Wiehabre's General Store.
 10425 | Orc:2    | Found Cenusiu's Antique Weapon Boutique.
 10425 | Orc:2    | Found Moakucuu's Antique Armour Shoppe.
 10436 | Orc:2    | Bought a potion of magic for 128 gold pieces
 10436 | Orc:2    | Bought a scroll of recharging for 152 gold pieces
 10436 | Orc:2    | Bought a potion of haste for 160 gold pieces
 10438 | Orc:2    | Bought a pair of boots for 112 gold pieces
 10493 | Elf:1    | Entered Level 1 of the Elven Halls
 10595 | Elf:1    | Reached skill level 11 in Fighting
 10651 | Elf:1    | Identified the Compendium of Summoning
 10697 | Orc:2    | Learned a level 5 spell: Aura of Abjuration
 10706 | Elf:1    | Reached skill level 1 in Summonings
 10765 | Elf:1    | Reached skill level 2 in Summonings
 10916 | Elf:1    | Reached skill level 3 in Summonings
 10939 | Elf:1    | Reached skill level 4 in Summonings
 10989 | Elf:2    | Reached skill level 5 in Summonings
 10999 | Elf:2    | HP: 11/124 [battleaxe of freezing (20)]
 11058 | Elf:1    | HP: 7/124 [deep elf knight/shard of ice (28)]
 11268 | Elf:1    | Reached skill level 6 in Summonings
 11330 | Elf:2    | HP: 12/124 [battleaxe of freezing (7)]
 11552 | Elf:2    | HP: 4/124 [deep elf archer/arrow (13)]
 11553 | Elf:2    | Shot with an arrow by a deep elf archer

Skill      XL: |  1  2  3  4  5  6  7  8  9 10 11 12 13 14 |
---------------+-------------------------------------------+-----
Spellcasting   | 2 4 6 7 |  7.9
Transmutations | 2 3 5 8 9 |  9.1
Unarmed Combat | 3 4 5 7 9 10 11 12 | 12.1
Fighting       | 3 4 6 7 8 10 11 | 11.1
Dodging        | 3 4 5 8 10 | 10.7
Ice Magic      | 3 |  3.1
Charms         | 2 |  2.9
Translocations | 2 3 4 |  4.0
Necromancy     | 2 3 |  3.5
Evocations     | 3 |  3.1
Summonings     | 6 |  6.5

Action                   |  1- 3 |  4- 6 |  7- 9 | 10-12 | 13-15 || total
-------------------------+-------+-------+-------+-------+-------++-------
Melee: Short sword       |    64 |     6 |       |       |       ||    70
       Unarmed           |    22 |    88 |   254 |   554 |   501 ||  1419
       Kick              |    14 |       |       |       |       ||    14
       Punch             |     2 |       |     6 |    36 |    28 ||    72
       Headbutt          |     2 |       |       |    88 |    86 ||   176
       Dagger            |       |    21 |     7 |       |       ||    28
       Dire flail        |       |       |    38 |       |       ||    38
 Cast: Beastly Appendage |    18 |       |       |       |       ||    18
       Sticks to Snakes  |     5 |     8 |    34 |    46 |    44 ||   137
       Spider Form       |     6 |    12 |    33 |     1 |       ||    52
       Blade Hands       |       |       |     8 |    69 |    47 ||   124
       Apportation       |       |       |       |    52 |    46 ||    98
       Ozocubu's Armour  |       |       |       |    27 |    36 ||    63
       Animate Skeleton  |       |       |       |    31 |    35 ||    66
 Abil: End Transformatio |       |       |     2 |     4 |     9 ||    15
       Evoke Flight      |       |       |       |       |     3 ||     3
       Stop Flying       |       |       |       |       |     1 ||     1
       Blink             |       |       |       |       |     4 ||     4
Evoke: Wand              |       |       |     1 |     1 |    29 ||    31
  Use: Scroll            |     4 |     4 |     5 |    28 |     6 ||    47
       Potion            |       |     1 |     5 |     9 |     3 ||    18
 Stab: Sleeping          |     1 |     2 |     2 |     2 |       ||     7
       Distracted        |       |       |     3 |     3 |     2 ||     8
       Invisible         |       |       |     5 |     3 |       ||     8
       Confused          |       |       |     2 |       |       ||     2
  Eat: Chunk             |     2 |     4 |     7 |    22 |    12 ||    47
       Fruit             |       |       |     1 |     2 |     4 ||     7
       Royal jelly       |       |       |     2 |     1 |     5 ||     8
       Meat ration       |       |       |     1 |     1 |       ||     2
       Bread ration      |       |       |       |     1 |     2 ||     3
Armor: Robe              |    27 |    14 |    45 |    73 |       ||   159
       Skin              |     1 |    11 |    26 |     1 |       ||    39
       Ring mail         |       |       |       |    21 |       ||    21
       Troll leather arm |       |       |       |    49 |   112 ||   161
Dodge: Dodged            |    62 |    73 |   224 |   294 |   309 ||   962

Table legend:
 A = Turns spent in this place as a percentage of turns spent in the entire game.
 B = Non-inter-level travel turns spent in this place as a percentage of non-inter-level travel turns spent in the entire game.
 C = Inter-level travel turns spent in this place as a percentage of turns spent in this place.
 D = Turns resting spent in this place as a percentage of non-inter-level travel turns spent in this place.
 E = Turns spent auto-exploring this place as a percentage of non-inter-level travel turns spent in this place.
 F = Non-inter-level travel turns spent in this place divided by the number of levels of this place that you've seen.
                   A       B       C       D       E      F
               +-------+-------+-------+-------+-------+----------------------
         Total | 100.0 | 100.0 |   0.1 |   0.0 |   0.0 | 474.5
       Dungeon |  50.4 |  50.4 |   0.2 |   0.0 |   0.0 | 477.8
          Lair |  25.7 |  25.7 |   0.1 |   0.0 |   0.0 | 487.3
  Orcish Mines |   9.2 |   9.2 |   0.3 |   0.0 |   0.0 | 525.5
   Elven Halls |   9.6 |   9.6 |   0.0 |   0.5 |   0.0 | 546.0
       Ossuary |   1.8 |   1.8 |   0.0 |   0.0 |   0.0 | 200.0
      Ice Cave |   3.4 |   3.4 |   0.0 |   0.0 |   0.0 | 387.0
               +-------+-------+-------+-------+-------+----------------------

Table legend:
 A = Kills in this place as a percentage of kills in entire the game.
 B = Kills by you in this place as a percentage of kills by you in the entire game.
 C = Kills by friends in this place as a percentage of kills by friends in the entire game.
 D = Other kills in this place as a percentage of other kills in the entire game.
 E = Experience gained in this place as a percentage of experience gained in the entire game.
 F = Experience gained in this place divided by the number of levels of this place that you have seen.
                   A       B       C       D       E      F
               +-------+-------+-------+-------+-------+----------------------
         Total | 100.0 | 100.0 | 100.0 | 100.0 | 100.0 | 4349.6
       Dungeon |  49.1 |  49.7 |  48.1 |   0.0 |  18.7 | 1628.9
          Lair |  22.0 |  21.1 |  23.1 | 100.0 |  37.3 | 6491.0
  Orcish Mines |  17.1 |  17.0 |  19.2 |   0.0 |  14.4 | 7512.5
   Elven Halls |   6.9 |   7.4 |   1.9 |   0.0 |  25.0 | 13031.5
       Ossuary |   2.8 |   2.3 |   7.7 |   0.0 |   0.2 | 161.0
      Ice Cave |   2.1 |   2.3 |   0.0 |   0.0 |   4.5 | 4649.0
               +-------+-------+-------+-------+-------+----------------------

Vault maps used:
D:1:      minmay_arrival_split_and_join
D:2:      first_bread, st_stairs_12, hangedman_feature_mirror
D:3:      minitemple, elyvilon_altar_4
D:4:      serial_shops, kennysheep_mini, serial_glass, glass_columns_b,
          glass_columns_b, glass_columns_c
D:5:      tso_oasis_becter, uniq_edmund, uniq_grinder
D:6:      old_standard_altar, minmay_temple_entry_junction, serial_shops, shop,
          hangedman_decor_peaks_small, serial_bayou_lagoon_a, uniq_duvessa
D:7:      nicolae_ossuary_entry_ruins, grunt_ogre_cave, uniq_crazy_yiuf_cottage
D:8:      uniq_erica
D:9:      slow_altar_1, david_lair_generic
D:10:     orc_0_dummy, serial_park_tiny_2
D:11:     lemuel_flamethrower_2, uniq_psyche
D:12:     portal_ice_cave_entry_imps, einodemon_armed_red_devil_minivault
Lair:1:   dpeg_oklob_gauntlet, dpeg_stationary_puzzle, uniq_gastronok
Lair:2:   minmay_shoals_entry_centaurs, serial_bayou_pond_a,
          serial_bayou_shore_a, grunt_megastairs_1
Lair:3:   roderic_batcave
Lair:4:   minmay_snake_entry_guardpost_small,
          eino_small_chamber_without_monster, minivault_24, minivault_23
Lair:5:   wad_woods_pond, minmay_slime_entry_jelly_boxes, guppyfry_lair_drakes,
          uniq_kirke
Lair:6:   guppyfry_lair_end_dragon, minmay_lindwurm_lava
Orc:1:    nicolae_orc_crystal_geode, uniq_fannar, uniq_josephine
Orc:2:    grunt_orc_tribal_feast
Elf:1:    minmay_elf_demonology
Elf:2:    grunt_megastairs_4, uniq_louise
Ossuary:  ossuary_tomb_3
IceCv:    ice_cave_tombish
